 Dungeon Sprint DCSS version 0.30-a0-859-gf88a04b62d (webtiles) character file.

Game seed: 2790118739973786648

95 rocky1 the Covert (level 4, -13/42 HPs)
             Began as a Naga Brigand on Mar 7, 2023.
             Killed from afar by an oklob sapling priest (18 damage)
             ... with a splash of acid
             ... in the Dungeon (Sprint IV: "Fedhas' Mad Dash").
             The game lasted 00:00:47 (220 turns).

rocky1 the Covert (Naga Brigand)                     Turns: 220, Time: 00:00:47

Health: -13/42     AC: -4    Str: 13    XL:     4   Next: 66%
Magic:  4/4        EV:  9    Int: 11    God:
Gold:   53         SH:  0    Dex: 15    Spells: 3/3 levels left

rFire   . . .      SeeInvis +    a - +2 dagger
rCold   . . .      Faith    .    (no shield)
rNeg    . . .      Spirit   .    b - +0 robe
rPois   +          Reflect  .    (no helmet)
rElec   .          Rampage  .    c - +0 cloak
rCorr   .          NoTele   +    (no gloves)
Will    .....                    (no barding)
Stlth   +++++                    l - amulet of invisibility {+Inv}
HPRegen 0.27/turn                (no ring)
MPRegen 0.09/turn                (no ring)

@: corroded, very slightly contaminated, very slow
A: AC +1, large, see invisible, deformed body, poison resistance, slowness 2,
spit poison 1, naga tail 1
a: Spit Poison, Evoke Invisibility


You were in the Dungeon.
You visited 1 branch You collected 53 gold pieces.

Inventory:

Hand Weapons
 a - a +2 dagger (weapon)
Missiles
 d - 9 poisoned darts (quivered)
 e - 3 curare-tipped darts
Armour
 b - a +0 robe (worn)
 c - a +0 cloak (worn)
Jewellery
 l - the amulet of invisibility (around neck) {+Inv}
   (You found it in the Dungeon)

   [amulet of nothing]

   +Inv:      It lets you turn invisible.
Scrolls
 k - 3 scrolls of blinking
Potions
 f - a potion of curing
 h - a potion of haste
 i - 2 potions of magic
 j - a potion of berserk rage


   Skills:
 + Level 3.5 Fighting
 + Level 3.3 Short Blades
 + Level 3.0 Throwing
 + Level 1.0 Dodging
 + Level 12.5 Stealth


You had 3 spell levels left.
You didn't know any spells.
Your spell library was empty.

Dungeon Overview and Level Annotations

Branches:
Dungeon (1/1)

Altars:
Cheibriados
Dithmenos
Elyvilon
Gozag
Hepliaklqana
Kikubaaqudgha
Makhleb
Nemelex Xobeh
Okawaru
Qazlal
Ru
Sif Muna
Trog
Uskayaw
Vehumet
Wu Jian
Xom
Yredelemnul
Zin
The Shining One
Jiyva
Lugonu

Annotations:
D exclusion: oklob sapling


Innate Abilities, Weirdness & Mutations

Your serpentine skin is tough. (AC +1)
You have supernaturally acute eyesight. (SInv)
Armour fits poorly on your strangely shaped body.
Your system is resistant to poisons. (rPois)
You cover ground very slowly.
You can spit poison.
You have a snake-like lower body.


Message History

The splash of acid hits you!!
Ouch! That really hurt!
The acid corrodes you!
You hit the oklob sapling priest but do no damage.
The oklob sapling priest is heavily damaged.
The oklob sapling priest spits acid at you.
The splash of acid hits you!
* * * LOW HITPOINT WARNING * * *
You feel much better.
The oklob sapling priest looks encouraged for a moment.
You hit the oklob sapling priest but do no damage.
The oklob sapling priest is heavily damaged.
You hit the oklob sapling priest but do no damage.
The oklob sapling priest is heavily damaged.
The oklob sapling priest calls down the wrath of its god upon you.
Something smites you!
You hit the oklob sapling priest but do no damage.
The oklob sapling priest is moderately damaged.
The oklob sapling priest spits acid at you.
The splash of acid hits you!
* * * LOW HITPOINT WARNING * * *
The acid corrodes you!
You hit the oklob sapling priest but do no damage.
The oklob sapling priest is moderately damaged.
The oklob sapling priest begins to cast a cantrip, but forgets the words!
You hit the oklob sapling priest but do no damage.
The oklob sapling priest is moderately damaged.
The oklob sapling priest looks satisfied for a moment.
You hit the oklob sapling priest but do no damage.
The oklob sapling priest is moderately damaged.
You hit the oklob sapling priest but do no damage.
You punch the oklob sapling priest, but do no damage.
The oklob sapling priest is moderately damaged.
You hit the oklob sapling priest but do no damage.
The oklob sapling priest is moderately damaged.
You hit the oklob sapling priest but do no damage.
The oklob sapling priest is moderately damaged.
The oklob sapling priest spits acid at you.
The splash of acid hits you!!
You die...

########################
....#.....#.⌠._._._._.⌠.
....'.#...'.._._._._._..
....#.#†..#..._.@P_._...
########+##.._._._._._..
#._._._._._.⌠.
##############


You could see an oklob sapling priest.

Vanquished Creatures
  A scorpion (D)
  An oklob sapling (D)
  A river rat (D)
  A rat (D)
4 creatures vanquished.

Notes
Turn   | Place    | Note
-------+----------+-------------------------------------------
     0 | D        | rocky1 the Naga Brigand began the quest for the Orb.
     0 | D        | Reached XP level 1. HP: 19/19 MP: 1/1
    14 | D        | Reached skill level 7 in Stealth
    14 | D        | Reached XP level 2. HP: 18/27 MP: 2/2
   159 | D        | Noticed an oklob sapling
   161 | D        | Killed an oklob sapling
   162 | D        | Reached skill level 10 in Stealth
   162 | D        | Reached XP level 3. HP: 34/34 MP: 3/3
   164 | D        | Noticed a scorpion
   164 | D        | Found the amulet of invisibility {+Inv}
   166 | D        | Killed a scorpion
   167 | D        | Reached skill level 1 in Dodging
   167 | D        | Reached skill level 12 in Stealth
   167 | D        | Reached XP level 4. HP: 42/42 MP: 4/4
   184 | D        | Found an opulent altar of Gozag.
   184 | D        | Found a hazy altar of Hepliaklqana.
   184 | D        | Found a burning altar of Makhleb.
   184 | D        | Found a sparkling altar of Nemelex Xobeh.
   184 | D        | Found a snail-covered altar of Cheibriados.
   184 | D        | Found a sacrificial altar of Ru.
   184 | D        | Found a shimmering blue altar of Sif Muna.
   184 | D        | Found a shimmering altar of Xom.
   184 | D        | Found a basalt altar of Yredelemnul.
   193 | D        | Found a viscous altar of Jiyva.
   193 | D        | Found a bloodstained altar of Trog.
   193 | D        | Found an ornate altar of the Wu Jian Council.
   193 | D        | Noticed an oklob sapling priest
   194 | D        | Found an iron altar of Okawaru.
   194 | D        | Found a glowing silver altar of Zin.
   194 | D        | Found a shadowy altar of Dithmenos.
   195 | D        | Found a hide-covered altar of Uskayaw.
   195 | D        | Found an ancient bone altar of Kikubaaqudgha.
   196 | D        | Found a stormy altar of Qazlal.
   196 | D        | Found a glowing golden altar of the Shining One.
   196 | D        | Found a white marble altar of Elyvilon.
   197 | D        | Found a radiant altar of Vehumet.
   197 | D        | Found a corrupted altar of Lugonu.
   220 | D        | Killed from afar by an oklob sapling priest

Illustrated notes

Levels and vault maps discovered:
D:        dungeon_sprint_fedhas [sprint_temple]

Skill      XL: |  1  2  3 |
---------------+----------+-----
Throwing       | 2 3 |  3.0
Stealth        | 7 10 12 | 12.5
Fighting       | 3 |  3.5
Short Blades   | 3 |  3.3
Dodging        | 1 |  1.0

Action                     |  1- 3 |  4- 6 || total
---------------------------+-------+-------++-------
  Melee: Dagger            |    10 |    20 ||    30
         Punch             |       |     1 ||     1
  Throw: Dart              |     1 |       ||     1
Ability: Evoke Invisibilit |       |     1 ||     1
    Use: Potion            |       |     1 ||     1
   Stab: Sleeping          |     2 |       ||     2
 Armour: Robe              |     3 |       ||     3
  Dodge: Dodged            |     3 |       ||     3

Table legend: (Time is in decaauts)
 A = Elapsed time spent in this place.
 B = Non-inter-level travel time spent in this place.
 C = Inter-level travel time spent in this place.
 D = Time resting spent in this place.
 E = Time spent auto-exploring this place.
 F = Levels seen in this place.
 G = Mean time per level.
                   A        B        C        D        E       F      G
               +--------+--------+--------+--------+--------+-----+--------+
         Total |    230 |    230 |      0 |    133 |      0 |   1 |  230.0 |
       Dungeon |    230 |    230 |      0 |    133 |      0 |   1 |  230.0 |
               +--------+--------+--------+--------+--------+-----+--------+

Top non-repeatable levels by time:
       D: 230 daAuts
